 Dungeon Crawl Stone Soup version 0.23-a0-488-g5fd82c5 (webtiles) character file.

391 Leeroy the Charmwright (level 6, -4/51 HPs)
             Began as a Gnoll Skald on Dec 1, 2018.
             Was a Follower of Vehumet.
             Shot with an arrow by a centaur (13 damage)
             ... on level 5 of the Dungeon.
             The game lasted 00:26:13 (3148 turns).

Leeroy the Charmwright (Gnoll Skald)                Turns: 3148, Time: 00:26:14

Health: -4/51      AC:  4    Str: 13    XL:     6   Next: 80%
Magic:  9/14       EV: 15    Int: 15    God:    Vehumet [*.....]
Gold:   156        SH:  0    Dex: 17    Spells: 5/15 levels left

rFire    . . .     SeeInvis .   a - +0 falchion
rCold    . . .     Gourm    .   (no shield)
rNeg     . . .     Faith    .   b - +0 leather armour
rPois    .         Spirit   .   (no helmet)
rElec    .         Reflect  .   (no cloak)
rCorr    .         Harm     .   C - +0 pair of gloves
MR       .....                  (no boots)
Stlth    ++........             (no amulet)
HPRegen  1.17/turn              (no ring)
MPRegen  0.14/turn              (no ring)

@: shrouded, very slightly contaminated, regenerating
A: distributed training, fangs 1, strong nose
a: Renounce Religion


You were on level 5 of the Dungeon.
You worshipped Vehumet.
Vehumet was aware of your devotion.
You were hungry.

You visited 1 branch of the dungeon, and saw 5 of its levels.

You collected 156 gold pieces.

Inventory:

Hand Weapons
 a - a +0 falchion (weapon)
 c - a +0 club
 e - a +0 dagger
 f - a +0 club
 h - a +0 short sword
 m - a +0 dagger
 p - a +0 hunting sling
 q - a +2 whip of electrocution
 t - a +0 dagger
 y - a +0 dagger
Missiles
 g - 10 poisoned needles
 k - 47 sling bullets (quivered)
 w - 13 bolts
 z - 57 stones
 A - 25 arrows
Armour
 b - a +0 leather armour (worn)
 i - a +0 leather armour
 r - a +0 scale mail
 u - a +0 ring mail
 v - a cursed -1 leather armour
 C - a +0 pair of gloves (worn)
 E - a +0 robe
 F - a +0 leather armour
Jewellery
 l - an uncursed amulet of faith {unknown}
 o - a +3 ring of strength {unknown}
 D - an uncursed ring of protection from cold {unknown}
Scrolls
 n - 3 scrolls of identify
 G - a scroll of noise {unknown}
Potions
 j - a potion of might
Comestibles
 d - 8 rations


   Skills:
 + Level 5.0 Fighting
 + Level 2.1 Short Blades
 + Level 5.0 Long Blades
 + Level 2.1 Axes
 + Level 2.1 Maces & Flails
 + Level 2.1 Polearms
 + Level 2.1 Staves
 + Level 2.1 Slings
 + Level 2.1 Bows
 + Level 2.1 Crossbows
 + Level 2.1 Throwing
 + Level 3.3 Armour
 + Level 5.0 Dodging
 + Level 2.1 Stealth
 + Level 2.1 Shields
 + Level 2.1 Unarmed Combat
 + Level 5.4 Spellcasting
 + Level 1.6 Conjurations
 + Level 1.6 Hexes
 + Level 5.7 Charms
 + Level 1.6 Summonings
 + Level 1.6 Necromancy
 + Level 1.6 Translocations
 + Level 1.6 Transmutations
 + Level 1.6 Fire Magic
 + Level 1.6 Ice Magic
 + Level 1.6 Air Magic
 + Level 1.6 Earth Magic
 + Level 1.6 Poison Magic
 + Level 2.3 Invocations
 + Level 2.1 Evocations


You had 5 spell levels left.
You knew the following spells:

 Your Spells              Type           Power        Failure   Level  Hunger
a - Infusion              Chrm           ###.         1%          1    None
b - Shroud of Golubria    Chrm/Tloc      ###.......   7%          2    #......
c - Spectral Weapon       Hex/Chrm       ###.....     13%         3    ###....
d - Regeneration          Chrm/Necr      ###.......   13%         3    ###....
e - Magic Dart            Conj           #...         10%         1    None

Your spell library contained the following spells:

 Spells                   Type           Power        Failure   Level  Hunger
 Song of Slaying          Chrm           ###.....     2%          2    #......


Dungeon Overview and Level Annotations

Branches:
Dungeon (5/15)
 Temple: D:4-7

Altars:
Nemelex Xobeh
Qazlal
Vehumet

Annotations:
D:2 Natasha


Innate Abilities, Weirdness & Mutations

Your experience applies equally to all skills.
You have very sharp teeth.
Your uncanny sense of smell can sniff out nearby items.


Message History

The arrow completely misses you.
The centaur shoots an arrow.
The arrow misses you.
Casting: Magic Dart (safe; 10% risk of failure)
Confirm with . or Enter, or press ? or * to list all spells.
Space distorts slightly along a thin shroud covering your body.
The centaur shoots an arrow.
The arrow barely misses you.
The centaur shoots an arrow.
The arrow hits you.
* * * LOW HITPOINT WARNING * * *
You see here 13 gold pieces.
Casting: Shroud of Golubria (safe; 7% risk of failure)
Confirm with . or Enter, or press ? or * to list all spells.
Your skin crawls.
The centaur shoots an arrow.
The arrow hits you.
* * * LOW HITPOINT WARNING * * *
Casting: Regeneration (safe; 13% risk of failure)
Confirm with . or Enter, or press ? or * to list all spells.
Okay, then.
As you read the scroll labeled SIRCHI KAN USY, it crumbles to dust.
The creatures around you are filled with an inner flame!
It was a scroll of immolation.
The centaur shoots an arrow.
The arrow hits you!
You die...

.. ########.#
#........#
##+####.O......#
.#######.....(........#
......................#
#..((.@.........#
#.#'####........# #.#.#
#.c...$..#
#.#####.#.####........#
........#.c...........#
#######.###############
#..<....... #.#........
#...#.#####


You could see an ogre (inner flame) and a centaur (inner flame).

Vanquished Creatures
  A sky beast (D:4)
  A bullfrog skeleton (D:4)
  A hound (D:4)
  A centaur skeleton (D:4)
  Jessica (D:3)
  Natasha (twice) (D:2)
  A worker ant (D:4)
  3 adders
  An ooze (D:3)
  3 worms
  5 leopard geckos
  6 giant cockroaches
  6 goblins
  3 hobgoblins
  13 jackals
  A quokka (D:4)
  10 bats
  4 frilled lizards
  5 kobolds
  3 rats
71 creatures vanquished.

Notes
Turn   | Place    | Note
-------+----------+-------------------------------------------
     0 | D:1      | Leeroy the Gnoll Skald began the quest for the Orb.
     0 | D:1      | Reached XP level 1. HP: 20/20 MP: 6/6
    44 | D:1      | Reached XP level 2. HP: 20/26 MP: 0/7
    90 | D:1      | Learned a level 2 spell: Shroud of Golubria
   464 | D:2      | Found a radiant altar of Vehumet.
   475 | D:2      | Became a worshipper of Vehumet
   504 | D:2      | HP: 1/26 [worm (9)]
   953 | D:2      | Reached XP level 3. HP: 31/31 MP: 9/9
   958 | D:2      | Reached skill level 5 in Spellcasting
   965 | D:2      | Learned a level 3 spell: Spectral Weapon
   969 | D:2      | Learned a level 3 spell: Regeneration
  1102 | D:2      | Reached skill level 1 in Invocations
  1183 | D:2      | Noticed Natasha
  1183 | D:2      | Noticed Jessica
  1259 | D:2      | Reached skill level 1 in Short Blades
  1259 | D:2      | Reached skill level 1 in Axes
  1259 | D:2      | Reached skill level 1 in Maces & Flails
  1259 | D:2      | Reached skill level 1 in Polearms
  1259 | D:2      | Reached skill level 1 in Staves
  1259 | D:2      | Reached skill level 1 in Slings
  1259 | D:2      | Reached skill level 1 in Bows
  1259 | D:2      | Reached skill level 1 in Crossbows
  1259 | D:2      | Reached skill level 1 in Throwing
  1259 | D:2      | Reached skill level 1 in Stealth
  1259 | D:2      | Reached skill level 1 in Shields
  1259 | D:2      | Reached skill level 1 in Unarmed Combat
  1259 | D:2      | Reached skill level 1 in Evocations
  1443 | D:2      | Found a sparkling altar of Nemelex Xobeh.
  1462 | D:2      | Reached XP level 4. HP: 38/38 MP: 8/11
  1551 | D:2      | Killed Natasha
  1800 | D:2      | Noticed Natasha
  1814 | D:2      | Killed Natasha
  1814 | D:2      | Reached skill level 1 in Conjurations
  1814 | D:2      | Reached skill level 1 in Hexes
  1814 | D:2      | Reached skill level 1 in Summonings
  1814 | D:2      | Reached skill level 1 in Necromancy
  1814 | D:2      | Reached skill level 1 in Translocations
  1814 | D:2      | Reached skill level 1 in Transmutations
  1814 | D:2      | Reached skill level 1 in Fire Magic
  1814 | D:2      | Reached skill level 1 in Ice Magic
  1814 | D:2      | Reached skill level 1 in Air Magic
  1814 | D:2      | Reached skill level 1 in Earth Magic
  1814 | D:2      | Reached skill level 1 in Poison Magic
  2028 | D:2      | Noticed Natasha
  2043 | D:3      | Killed Jessica
  2043 | D:3      | Reached XP level 5. HP: 17/43 MP: 12/12
  2291 | D:3      | Reached * piety under Vehumet
  2291 | D:3      | Offered knowledge of Magic Dart by Vehumet.
  2327 | D:3      | Learned a level 1 spell: Magic Dart
  2611 | D:4      | Reached XP level 6. HP: 46/50 MP: 13/13
  2640 | D:4      | Noticed a sky beast
  2664 | D:4      | Killed a sky beast
  2664 | D:4      | Reached skill level 5 in Fighting
  2664 | D:4      | Reached skill level 5 in Long Blades
  2664 | D:4      | Reached skill level 5 in Dodging
  2764 | D:4      | Found a stormy altar of Qazlal.
  3116 | D:5      | Entered Level 5 of the Dungeon
  3148 | D:5      | Shot with an arrow by a centaur

Vault maps used:
D:1:      dpeg_arrival_round_c
D:2:      vehumet_crystals, nemelex_diamond_rough_becter, uniq_natasha,
          uniq_jessica
D:3:      led_sif_book
D:4:      minivault_25, grunt_qazlal_sundering
D:5:      wander_river, first_ration, basic_altar, minmay_stone_trees_small,
          minmay_joined_circles, uniq_sigmund

Skill      XL: |  1  2  3  4  5  6 |
---------------+-------------------+-----
Spellcasting   | 5 |  5.4
Invocations    | 1 2 |  2.3
Short Blades   | 1 2 |  2.1
Axes           | 1 2 |  2.1
Maces & Flails | 1 2 |  2.1
Polearms       | 1 2 |  2.1
Staves         | 1 2 |  2.1
Slings         | 1 2 |  2.1
Bows           | 1 2 |  2.1
Crossbows      | 1 2 |  2.1
Throwing       | 1 2 |  2.1
Stealth        | 1 2 |  2.1
Shields        | 1 2 |  2.1
Unarmed Combat | 1 2 |  2.1
Evocations     | 1 2 |  2.1
Conjurations   | 1 |  1.6
Hexes          | 1 |  1.6
Summonings     | 1 |  1.6
Necromancy     | 1 |  1.6
Translocations | 1 |  1.6
Transmutations | 1 |  1.6
Fire Magic     | 1 |  1.6
Ice Magic      | 1 |  1.6
Air Magic      | 1 |  1.6
Earth Magic    | 1 |  1.6
Poison Magic   | 1 |  1.6
Armour         | 3 |  3.3
Fighting       | 5 |  5.0
Long Blades    | 5 |  5.0
Dodging        | 5 |  5.0
Charms         | |  5.7

Action                   |  1- 3 |  4- 6 || total
-------------------------+-------+-------++-------
Melee: Falchion          |    83 |   117 ||   200
       Bite              |     9 |    20 ||    29
       Dagger            |     1 |     2 ||     3
       Punch             |       |     1 ||     1
 Fire: Hunting sling     |       |    18 ||    18
 Cast: Infusion          |     5 |     6 ||    11
       Shroud of Golubri |     1 |     3 ||     4
       Regeneration      |       |     4 ||     4
       Magic Dart        |       |    10 ||    10
       Spectral Weapon   |       |     1 ||     1
  Use: Scroll            |     1 |     3 ||     4
       Potion            |       |     3 ||     3
 Stab: Sleeping          |     2 |     2 ||     4
       Distracted        |       |     1 ||     1
  Eat: Chunk             |     1 |     6 ||     7
Armor: Leather armour    |    20 |    29 ||    49
Dodge: Dodged            |    86 |   133 ||   219
       Rpst.: Falchion   |    35 |    40 ||    75

Table legend:
 A = Non-vault XP
 B = Vault XP
 C = Vault XP percentage of total XP
 D = Non-vault monster count
 E = Vault monster count
 F = Vault count percentage of total count
                 A         B        C        D         E       F
            +---------+---------+-------+---------+---------+-------
      Total |     487 |      72 |  12.9 |      69 |       2 |   2.8
            +---------+---------+-------+---------+---------+-------
        D:1 |      26 |       0 |   0.0 |      15 |       0 |   0.0
        D:2 |     101 |      35 |  25.7 |      29 |       1 |   3.3
        D:3 |      57 |      37 |  39.4 |      15 |       1 |   6.2
        D:4 |     303 |       0 |   0.0 |      10 |       0 |   0.0
            +---------+---------+-------+---------+---------+-------
